 Dungeon Crawl Stone Soup version 0.24.0-10-g970556be89 (webtiles) character file.

Game seed: 4187991815520151291, levelgen mode: classic

416 EnegeticOcto the Skirmisher (level 6, 0/55 HPs)
             Began as a Mummy Chaos Knight on Nov 4, 2019.
             Was a Plaything of Xom.
             Slain by an adder (3 damage)
             ... on level 3 of the Dungeon.
             The game lasted 00:02:48 (3401 turns).

EnegeticOcto the Skirmisher (Mummy Chaos Knight)    Turns: 3401, Time: 00:02:49

Health: 0/55       AC:  7    Str: 15    XL:     6   Next: 60%
Magic:  6/6        EV: 11    Int: 13    God:    Xom [.*....]
Gold:   209        SH:  0    Dex: 12    Spells: 5/5 levels left

rFire    x . .     SeeInvis .   m - +3 quarterstaff (chaos)
rCold    + . .     Gourm    .   (shield currently unavailable)
rNeg     + + +     Faith    .   e - +2 leather armour
rPois    ∞         Spirit   .   f - +0 helmet
rElec    .         Reflect  .   (no cloak)
rCorr    .         Harm     .   h - +0 pair of gloves
MR       .....                  (no boots)
Stlth    +.........             (no amulet)
HPRegen  0.18/turn              i - ring of flight
MPRegen  0.10/turn              (no ring)

@: no status effects
A: no food or potions, fire vulnerability, cold resistance 1, negative energy
resistance 3, torment resistance, unbreathing
a: Renounce Religion, Evoke Flight


You were on level 3 of the Dungeon.
You worshipped Xom.
You were a plaything of Xom.
You were not hungry.

You visited 1 branch of the dungeon, and saw 4 of its levels.

You collected 209 gold pieces.

Inventory:

Hand Weapons
 a - a +0 short sword of chaos
 b - a +0 hunting sling
 m - a +3 quarterstaff of chaos (weapon)
Missiles
 d - 121 stones (quivered)
Armour
 e - a +2 leather armour (worn)
 f - a +0 helmet (worn)
 h - a +0 pair of gloves (worn)
 l - a +0 cloak
Jewellery
 i - a ring of flight (left hand)
Wands
 n - a wand of clouds (6)
Scrolls
 c - a scroll of amnesia
 g - a scroll of remove curse {@r2}
 j - a scroll of fear {!r}
 k - a scroll of teleportation {@r3 !r}
 q - a scroll of noise


   Skills:
 + Level 7.5 Fighting
 - Level 2.4 Short Blades
 - Level 1.5 Armour
 - Level 0.7 Dodging


You had 5 spell levels left.
You didn't know any spells.
Your spell library was empty.

Dungeon Overview and Level Annotations

Branches:
Dungeon (4/15)
 Temple: D:4-7

Altars:
Elyvilon
Ru
Xom


Innate Abilities, Weirdness & Mutations

You do not eat or drink.
Your flesh is vulnerable to fire.
You are immune to poison.
Your flesh is cold resistant. (rC+)
You are immune to negative energy. (rN+++)
You are immune to unholy pain and torment.
You can survive without breathing.


Message History

There is a faded altar of an unknown god here.
There is a stone staircase leading down here.
You climb downwards.
A worker ant comes into view.
The worker ant twitches its antennae in your direction.
Found 2 atropa-tipped darts.
There is a stone staircase leading up here.
A worker ant is nearby!
An ogre comes into view. It is wielding a -3 giant club.
You thump the worker ant!
The worker ant is heavily wounded.
The worker ant misses you.
You barely miss the worker ant.
The worker ant is heavily wounded.
The worker ant barely misses you. The worker ant bites you.
You sock the worker ant! You burn the worker ant.
You kill the worker ant!
Your Fighting skill increases to level 7!
No target in view!
No target in view!
HP restored.
The ogre shouts!
The ogre is too close now for your liking.
An adder skeleton comes into view.
An orc comes into view. It is wielding a +0 club.
Found a ration.
An adder comes into view.
You hit the ogre.
The ogre seems to speed up.
The ogre is lightly wounded.
The ogre hits you with a cursed -3 giant club!!
You sock the ogre!
The ogre goes berserk!
Xom is highly amused!
The ogre is heavily wounded.
The ogre barely misses you.
An adder comes into view.
The ogre closely misses you.
The adder hisses angrily.
You hit the ogre.
The ogre is severely wounded.
The ogre barely misses you.
The adder skeleton bites you but does no damage.
You barely miss the ogre.
The ogre is severely wounded.
The ogre closely misses you.
The adder skeleton bites you but does no damage.
The ogre hits you with a cursed -3 giant club!!
Ouch! That really hurt!
* * * LOW HITPOINT WARNING * * *
A shower of butterflies erupts from you!
The adder misses your butterfly.
You are too injured to fight recklessly!
You are too injured to fight recklessly!
The adder skeleton completely misses your butterfly.
The adder bites you but does no damage.
The orc hits your butterfly with a +0 club.
Your butterfly dies!
You thump the ogre! You freeze the ogre!
You kill the ogre!
The adder misses your butterfly. The adder barely misses you.
The adder skeleton bites you but does no damage.
The adder completely misses your butterfly.
You barely miss the adder skeleton. "This is how I like it!"
You swap places with the adder skeleton.
The adder skeleton looks rather confused.
Some monsters swap places.
The adder looks rather confused.
The adder bites you but does no damage. x2
The adder skeleton misses your butterfly.
The orc barely misses you. The adder bites you but does no damage.
The adder bites the orc but does no damage.
You thump the orc!
You kill the orc!
The adder barely misses you. The adder closely misses you. The adder bites you.
* * * LOW HITPOINT WARNING * * *
You sock the adder!
The adder is poisoned.
The adder is almost dead.
You kill the adder!
The adder bites you.
* * * LOW HITPOINT WARNING * * *
The adder bites you but does no damage.
Things that are here:
a +0 club; a +0 scale mail The adder closely misses you.
There is a stone staircase leading up here.
The adder closely misses you. The adder bites you.
* * * LOW HITPOINT WARNING * * *
You climb upwards.
There is a stone staircase leading down here.
You miss the adder. The adder barely misses you.
You closely miss the adder. The adder barely misses you. x2
You barely miss the adder. The adder bites you.
* * * LOW HITPOINT WARNING * * *
The adder closely misses you.
You hit the adder. You burn the adder.
The adder is lightly wounded.
The adder bites you but does no damage.
You barely miss the adder.
The adder is lightly wounded.
The adder bites you but does no damage. The adder bites you.
You die...

#.###.#.## ##_### #.###..#
#.####..# ##.# #......#
#.......########.## #####.##
######........#.############.#
#........##.#...........#
#.........#.#...#########
#.............#.#
#.............#.#
#.......S@.####.# #..........#
#.# #..........####.#
#...............#
#################


You could see an adder.

Vanquished Creatures
  An ogre (D:4)
  A centaur (D:2)
  Crazy Yiuf (D:2)
  2 worker ants
  4 gnolls
  8 adders
  An ooze (D:2)
  4 worms
  A dart slug (D:1)
  2 leopard geckos
  2 orcs
  4 bats
  A giant cockroach (D:1)
  2 hobgoblins
  4 jackals (D:3)
  9 kobolds
  2 ball pythons (D:3)
  2 frilled lizards (D:1)
  7 goblins
  2 rats
60 creatures vanquished.

Notes
Turn   | Place    | Note
-------+----------+-------------------------------------------
     0 | D:1      | EnegeticOcto the Mummy Chaos Knight began the quest for the
                  | Orb.
     0 | D:1      | Reached XP level 1. HP: 18/18 MP: 1/1
   215 | D:1      | Reached XP level 2. HP: 25/25 MP: 2/2
   215 | D:1      | XOM: 7-stop teleportation journey
   552 | D:1      | Reached skill level 4 in Fighting
   634 | D:1      | XOM: cloud trail
   836 | D:1      | XOM: god gift: pair of gloves {god gift}
   944 | D:2      | Reached XP level 3. HP: 25/30 MP: 3/3
   962 | D:2      | XOM: scenery: create altars
  1388 | D:2      | XOM: cloud trail
  1550 | D:2      | XOM: silly message
  1624 | D:2      | Reached XP level 4. HP: 27/38 MP: 4/4
  1810 | D:2      | Reached skill level 5 in Fighting
  1820 | D:2      | Found a runed translucent door.
  1821 | D:2      | Noticed Crazy Yiuf
  1853 | D:2      | XOM: god gift: scroll labeled RUNO DICITWO {god gift}
  1947 | D:2      | Noticed a centaur
  1954 | D:2      | Killed a centaur
  1954 | D:2      | Reached XP level 5. HP: 43/46 MP: 5/5
  1973 | D:2      | XOM: noise
  1998 | D:2      | XOM: medium Necr miscast
  2075 | D:2      | Killed Crazy Yiuf
  2075 | D:2      | Reached skill level 6 in Fighting
  2485 | D:3      | Found a sacrificial altar of Ru.
  2539 | D:3      | Found a white marble altar of Elyvilon.
  2644 | D:3      | Found a faded altar of an unknown god.
  2695 | D:3      | XOM: mild Fire miscast
  2967 | D:3      | Reached XP level 6. HP: 53/53 MP: 6/6
  3378 | D:4      | Reached skill level 7 in Fighting
  3386 | D:4      | XOM: butterfly on damage
  3389 | D:4      | XOM: swap monsters
  3401 | D:3      | Slain by an adder

Levels and vault maps discovered:
D:1:      dpeg_arrival_ternary, layout_basic
D:2:      layout_loops_cross, uniq_crazy_yiuf_cottage
D:3:      layout_loops_corners, elyvilon_altar_3, lemuel_coloured_pillars_altar,
          chequers_ecumenical_altar_twisty
D:4:      layout_rooms, uniq_grinder

Skill      XL: |  1  2  3  4  5  6 |
---------------+-------------------+-----
Fighting       | 4 5 6 7 |  7.5
Short Blades   | |  2.4
Armour         | |  1.5
Dodging        | |  0.7

Action                   |  1- 3 |  4- 6 || total
-------------------------+-------+-------++-------
Melee: Short sword       |    91 |    22 ||   113
       Quarterstaff      |       |    74 ||    74
 Fire: Hunting sling     |     4 |    16 ||    20
  Use: Scroll            |       |     6 ||     6
 Stab: Sleeping          |     1 |       ||     1
       Paralysed         |       |     1 ||     1
Armor: Leather armour    |    25 |    55 ||    80
Dodge: Dodged            |    54 |    72 ||   126
